 Dungeon Crawl Stone Soup version 0.31.0-12-g77e489cdc1 (webtiles) character file.

Game seed: 520918464369042646

1651 Marvel the Covert (level 9, -6/57 HPs)
             Began as an Octopode Shapeshifter on Feb 25, 2024.
             Was an Initiate of Okawaru.
             Mangled by an orc warrior
             ... wielding a +0 glaive
              (20 damage)
             ... in a bailey.
             The game lasted 00:07:28 (5382 turns).

Marvel the Covert (Octopode Shapeshifter)           Turns: 5382, Time: 00:07:28

Health: -6/57      AC:  1    Str: 14    XL:     9   Next: 0%
Magic:  9/9        EV: 14    Int: 12    God:    Okawaru [......]
Gold:   258        SH:  0    Dex: 21    Spells: 8/8 levels left

rFire   . . .        o - +2 dagger (venom)
rCold   . . .        (no shield)
rNeg    + . .        (helmet currently unavailable)
rPois   .            (no amulet)
rElec   .            f - +4 ring of slaying
rCorr   .            s - +6 ring of dexterity
SInv    .            l - ring of positive energy
Will    .....        (no ring)
Stlth   +++++        (no ring)
HPRegen 0.29/turn    (no ring)
MPRegen 0.11/turn    (no ring)
                     (no ring)

%: no passive effects
@: beast-form
A: beast (slay +2), almost no armour, amphibious, 8 rings, camouflage 1,
gelatinous body 1, (nimble swimmer 1), tentacles
a: Begin Untransformation, Renounce Religion


You were in a bailey.
You worshipped Okawaru.
Okawaru was noncommittal.
You were a hulking beast.
You visited 1 branch of the dungeon, and saw 8 of its levels.
You also visited: Bailey.

You collected 375 gold pieces.
You spent 117 gold pieces at shops.

Inventory:

Hand Weapons
 g - a +1 dagger of venom
 o - a +2 dagger of venom (weapon)
Missiles
 n - 27 poisoned darts
 q - 5 datura-tipped darts (quivered)
Jewellery
 f - a +4 ring of slaying (left tentacle)
 l - a ring of positive energy (on tentacle)
 s - a +6 ring of dexterity (right tentacle)
 D - a ring of flight
 F - the amulet of Fuzoicy {Spirit rElec}
   (You found it on level 7 of the Dungeon)

   [amulet of guardian spirit]

   Spirit:    It causes incoming damage to be divided between your reserves of
   health and magic.
   rElec:     It insulates you from electricity.
Talismans
 b - a beast talisman
 c - a flux talisman
 C - a maw talisman
Wands
 v - a wand of light (11)
Scrolls
 d - 7 scrolls of identify
 e - 6 scrolls of teleportation
 i - a scroll of vulnerability {unknown}
 j - a scroll of enchant weapon {unknown}
 k - a scroll of summoning {unknown}
 m - 2 scrolls of silence {unknown}
 p - a scroll of immolation {unknown}
 r - 3 scrolls of fear
 t - a scroll of acquirement {unknown}
 u - a scroll of amnesia {unknown}
 y - a scroll of blinking {unknown}
 E - a scroll of enchant armour {unknown}
 G - a scroll of fog {unknown}
Potions
 a - a potion of lignification
 h - a potion of might
 w - 2 potions of heal wounds {unknown}
 x - a potion of curing
 z - a potion of resistance
 A - a potion of cancellation {unknown}
 B - 2 potions of enlightenment {unknown}


   Skills:
 + Level 3.3 Fighting
 * Level 6.1 Short Blades
 + Level 3.0 Dodging
 + Level 8.3 Stealth
 - Level 4.4 Unarmed Combat
 + Level 5.0 Shapeshifting


You had 8 spell levels left.
You didn't know any spells.
Your spell library contained the following spells:

 Spells                   Type           Power      Damage    Failure   Level
 Freeze                   Ice            0%         1d3       32%         1
 Ensorcelled Hibernation  Hex/Ice        0%         N/A       45%         2
 Jinxbite                 Hex            0%         N/A       45%         2
 Sublimation of Blood     Necr           0%         N/A       45%         2
 Frozen Ramparts          Ice            0%         1d1       69%         3
 Hailstorm                Conj/Ice       0%         3d5       69%         3
 Passwall                 Erth           0%         N/A       69%         3
 Swiftness                Air            0%         N/A       69%         3
 Petrify                  Alch/Erth      0%         N/A       97%         4
 Irradiate                Conj/Alch      0%         3d11      100%        5
 Yara's Violent Unravell  Hex/Alch       0%         3d3       100%        5
 Enfeeble                 Hex            0%         N/A       100%        7


Dungeon Overview and Level Annotations

Branches:
Dungeon (7/15)             Bailey (1/1)
 Temple: D:4-7

Altars:
Cheibriados
Gozag
Hepliaklqana
Makhleb
Okawaru
Vehumet
Xom

Shops:
D:3 ?   D:7 *


Innate Abilities, Weirdness & Mutations

You are a hulking beast.
Your limbs bulge with bestial killing power. (Slay +2)
You cannot wear most types of armour.
You are amphibious.
You can wear up to eight rings at the same time.
Your skin changes colour to match your surroundings (Stealth+).
Your rubbery body absorbs attacks. (AC +1, EV +1)
((You are camouflaged when in or above water. (Stealth+)))
You have tentacles for arms and can constrict up to eight enemies at once.


Message History

No target in view!
You start resting.
HP restored.
The world spins around you as you enter the gateway.
You enter a bailey!
Found a gate leading back out of this place.
There is an empty arch of ancient stone here.
You enter the deep water.
An orc warrior comes into view. It is wielding a +0 glaive.
An orc warrior comes into view. It is wielding a +0 glaive.
The helpless orc warrior fails to defend itself.
You perforate the orc warrior like a sieve!!!!
You kill the orc warrior!
Okawaru accepts your kill.
The orc warrior shouts!
Your Short Blades skill increases to level 6!
Your Shapeshifting skill increases to level 5!
You have reached level 9!
Your experience leads to an increase in your attributes!
Your base attributes are Str 14, Int 12, Dex 13.
Increase (S)trength, (I)ntelligence, or (D)exterity?
You feel agile. x2
The orc warrior hits you with a +0 glaive!
Things that are here:
a +0 glaive; a +0 scale mail; an orc corpse You hit the orc warrior.
The orc warrior is poisoned.
Your grab misses the orc warrior.
The orc warrior is moderately wounded.
The orc warrior hits you with a +0 glaive!!
* * * LOW HITPOINT WARNING * * *
You hit the orc warrior but do no damage.
The orc warrior looks as sick as possible!
You grab the orc warrior. You squeeze the orc warrior!
The orc warrior is severely wounded.
You constrict the orc warrior, but do no damage.
The orc warrior hits you with a +0 glaive!
* * * LOW HITPOINT WARNING * * *
It was a potion of curing.
You feel better.
You constrict the orc warrior.
The orc warrior hits you with a +0 glaive!!
You die...

≈....#....#......♣♣
≈≈≈≈≈#....#≈≈≈≈...♣
≈≈≈≈≈#....#≈≈≈≈≈≈.♣
≈≈≈≈ #....#≈≈≈≈≈≈≈♣
≈≈≈≈
#....#≈≈≈≈≈≈≈≈≈#
♣...#....#...≈≈≈≈≈≈#
..♣............≈≈≈≈#
................≈≈≈#
##...oh...####..≈≈#
####++#### ♣♣♣♣#


You could see an orc warrior (extremely poisoned).

Vanquished Creatures
  A water moccasin (D:6)
  A black bear (D:7)
  A sky beast (D:7)
  An orc warrior (Bailey)
  An ice beast (D:5)
  A centaur (D:6)
  2 phantoms
  2 kobold brigands (D:3)
  A scorpion (D:7)
  3 jellies
  3 bombardier beetles
  7 hounds
  An orc priest (D:6)
  3 sleepcaps
  Terence (D:3)
  An iguana (D:5)
  An orc wizard (D:5)
  7 adders
  A shadow imp (D:6)
  A white imp (D:5)
  2 dart slugs (D:4)
  9 orcs
  2 bats (D:2)
  6 endoplasms
  A giant cockroach (D:3)
  4 hobgoblins
  9 jackals
  A quokka (D:4)
  6 ball pythons
  2 frilled lizards (D:2)
  12 goblins
  15 kobolds
  4 rats
113 creatures vanquished.

Notes
Turn   | Place    | Note
-------+----------+-------------------------------------------
     0 | D:1      | Marvel the Octopode Shapeshifter began the quest for the
                  | Orb.
     0 | D:1      | Reached XP level 1. HP: 13/13 MP: 1/1
   158 | D:1      | Reached XP level 2. HP: 15/18 MP: 2/2
   551 | D:1      | Reached XP level 3. HP: 23/23 MP: 3/3
   811 | D:2      | Reached skill level 1 in Stealth
  1226 | D:2      | Reached skill level 2 in Stealth
  1236 | D:2      | Reached XP level 4. HP: 28/28 MP: 4/4
  1876 | D:3      | Noticed Terence
  1883 | D:3      | Killed Terence
  2139 | D:3      | Found Ylouwnu's Magic Scroll Shop.
  2145 | D:3      | Bought a scroll of identify for 26 gold pieces
  2145 | D:3      | Bought a scroll of teleportation for 39 gold pieces
  2145 | D:3      | Bought a scroll of fear for 52 gold pieces
  2196 | D:3      | Found a snail-covered altar of Cheibriados.
  2203 | D:3      | Reached skill level 3 in Stealth
  2203 | D:3      | Reached XP level 5. HP: 33/33 MP: 5/5
  2380 | D:3      | Noticed a kobold brigand
  2391 | D:3      | Killed a kobold brigand
  2483 | D:3      | Noticed a kobold brigand
  2489 | D:3      | Killed a kobold brigand
  2490 | D:3      | Reached skill level 1 in Short Blades
  2490 | D:3      | Reached skill level 4 in Stealth
  2490 | D:3      | Reached XP level 6. HP: 28/39 MP: 6/6
  2883 | D:4      | Found a radiant altar of Vehumet.
  2886 | D:4      | Found a hazy altar of Hepliaklqana.
  3289 | D:5      | Entered Level 5 of the Dungeon
  3342 | D:5      | Reached skill level 5 in Stealth
  3369 | D:5      | Noticed an ice beast
  3375 | D:5      | Killed an ice beast
  3376 | D:5      | Reached XP level 7. HP: 25/45 MP: 7/7
  3678 | D:5      | Found an opulent altar of Gozag.
  3678 | D:5      | Found a burning altar of Makhleb.
  3678 | D:5      | Found an iron altar of Okawaru.
  3871 | D:5      | Reached skill level 6 in Stealth
  3874 | D:5      | Reached XP level 8. HP: 18/51 MP: 8/8
  4582 | D:6      | Reached skill level 5 in Short Blades
  4812 | D:6      | Found a shimmering altar of Xom.
  4839 | D:6      | Reached skill level 7 in Stealth
  5000 | D:7      | Identified the amulet of Fuzoicy {Spirit rElec}
  5081 | D:7      | Found Paelu's Serpentskin Sales.
  5146 | D:5      | Became a worshipper of Warmaster Okawaru
  5233 | D:7      | Reached skill level 8 in Stealth
  5319 | D:7      | You fall into a shaft and drop 3 floors!
  5319 | D:10     | Entered Level 10 of the Dungeon
  5323 | D:10     | Found a flagged portal.
  5359 | Bailey   | Entered a bailey
  5379 | Bailey   | Reached skill level 5 in Shapeshifting
  5379 | Bailey   | Reached XP level 9. HP: 57/57 MP: 9/9
  5381 | Bailey   | HP: 2/57 [orc warrior/+0 glaive (15)]
  5382 | Bailey   | Mangled by an orc warrior

Illustrated notes

Levels and vault maps discovered:
D:1:      wheals_arrival_linesprint, layout_loops_ring
D:2:      layout_basic
D:3:      cheibrodos_thug_alley, layout_loops_ring, slow_altar_2, serial_shops,
          shop, grunt_ministairs_14, guppyfry_early_lair_pool, uniq_terence
D:4:      layout_cave_pools, nicolae_overflow_squiral, minivault_11,
          kennysheep_crisscross
D:5:      layout_loops_ring, gammafunk_temple_overflow_claw,
          minmay_fractal_squares_gapless_5
D:6:      layout_cave_pools, overflow_temple_1_default, minmay_puff
D:7:      minmay_skewed_foursquare, layout_loops_corners,
          minmay_temple_entry_overgrown, guppyfry_shop_venom
D:10:     wander_kiku_kobolds, layout_loops_ring, nzn_wu_jian_council_hall,
          orc_0_dummy, enter_bailey_3, minmay_librarian, uniq_gastronok,
          uniq_sonja, uniq_erica
Bailey:   bailey_polearm_elven_captive_hellmonk, bailey

Skill      XL: |  1  2  3  4  5  6  7  8 |
---------------+-------------------------+-----
Stealth        | 2 3 4 5 6 8 |  8.3
Unarmed Combat | 4 |  4.4
Short Blades   | 1 2 4 6 |  6.1
Fighting       | 2 3 |  3.3
Shapeshifting  | 4 5 |  5.0
Dodging        | 3 |  3.0

Action                     |  1- 3 |  4- 6 |  7- 9 || total
---------------------------+-------+-------+-------++-------
  Melee: Unarmed           |    59 |    38 |       ||    97
         Tentacles         |    10 |     9 |    17 ||    36
         Constrict         |    15 |    18 |    18 ||    51
         Punch             |     1 |     3 |     1 ||     5
         Dagger            |       |    32 |    77 ||   109
    Use: Potion            |       |     5 |     2 ||     7
   Stab: Sleeping          |    12 |     5 |    17 ||    34
         Distracted        |     1 |       |       ||     1
 Armour: Skin              |    23 |    21 |    30 ||    74
  Dodge: Dodged            |    18 |    38 |    32 ||    88
